 Dungeon Crawl Stone Soup version 0.27-a0-1220-g54dba09ff7 (webtiles) character file.

Game seed: 14496130221527085822

58 Bnni the Magician (level 4, -4/31 HPs)
             Began as a Djinni Venom Mage on June 7, 2021.
             Was a Follower of Jiyva.
             Slain by Sigmund
             ... wielding a +3 scythe of freezing
              (6 damage)
             ... on level 2 of the Dungeon.
             The game lasted 00:07:59 (1872 turns).

Bnni the Magician (Djinni Venom Mage)               Turns: 1872, Time: 00:08:00

Health: -4/31      AC:  2    Str:  7    XL:     4   Next: 21%
Gold:   20         EV: 12    Int: 17    God:    Jiyva [*.....] SH:  0 Dex: 14

rFire    + + .     SeeInvis .   b - +0 dagger
rCold    x . .     Faith    .   (no shield)
rNeg     . . .     Spirit   .   a - +0 robe
rPois    ∞         Reflect  .   (no helmet)
rElec    .         Harm     .   (no cloak)
rCorr    .         Rampage  .   (no gloves)
Will     .....                  (boots unavailable)
Stlth    ++........             (no amulet)
HPRegen  0.10/turn              (no ring)
MPRegen  0.00/turn              (no ring)

@: flying
A: sickness immunity, fire resistance 2, cold vulnerability 1, float, innate
caster, hp casting, extra vitality 1
a: Renounce Religion, Request Jelly


You were on level 2 of the Dungeon.
You worshipped Jiyva.
Jiyva was aware of your devotion.
You visited 1 branch of the dungeon, and saw 2 of its levels.

You collected 20 gold pieces.

Inventory:

Hand Weapons
 b - a +0 dagger (weapon)
Armour
 a - a +0 robe (worn)
Scrolls
 c - 2 scrolls of immolation
 d - a scroll of fog {unknown}
 e - a scroll of torment {unknown}


   Skills:
 + Level 0.9 Fighting
 - Level 0.3 Short Blades
 - Level 2.1 Dodging
 - Level 1.5 Stealth
 * Level 3.5 Spellcasting


You couldn't memorise any spells.
You knew the following spells:

 Your Spells              Type           Power      Damage    Failure   Level
a - Sting                 Tmut/Pois      60%        1d6       3%          1
b - Poisonous Vapours     Pois/Air       30%        N/A       6%          2
c - Mephitic Cloud        Conj/Pois/Air  15%        N/A       12%         3
d - Ignite Poison         Fire/Tmut/Pois 15%        N/A       12%         3
e - Olgreb's Toxic Radia  Pois           15%        N/A       36%         4
f - Shock                 Conj/Air       60%        1d6       3%          1
Your spell library was empty.

Dungeon Overview and Level Annotations

Branches:
Dungeon (2/15)

Altars:
Jiyva

Shops:
D:1 [

Annotations:
D:2 Sigmund


Innate Abilities, Weirdness & Mutations

You are immune to sickness and miasma.
You are immune to poison.
Your flesh is very heat resistant. (rF++)
You are vulnerable to cold. (rC-)
You float through the air rather than walking.
You learn spells naturally, not from books.
Your magical power is your life essence.
You have superior vitality. (+4 HP)


Message History

No target in view!
Sigmund the Dreaded comes into view.
He is wielding a +3 scythe of freezing.
Unknown command.
Casting: Sting (safe; 3% risk of failure)
Confirm with . or Enter, or press ? or * to list all spells.
Aiming: Sting (safe; 3% risk of failure)
Press: ? - help, Shift-Dir - straight line, f - Sigmund
Aim: Sigmund, wielding a +3 scythe of freezing and wearing a +0 robe (wandering, hasn't noticed you, 71% to hit)
Okay, then.
Sigmund shouts!
Sigmund closely misses you.
Casting: Sting (safe; 3% risk of failure)
Confirm with . or Enter, or press ? or * to list all spells.
The spell is quite dangerous to cast (12% risk of failure)!
Continue anyway? [Y]es or [N]o only, please.
The spell is quite dangerous to cast (12% risk of failure)!
Continue anyway?
Aiming: Mephitic Cloud (quite dangerous; 12% risk of failure)
Press: ? - help, Shift-Dir - straight line, f - Sigmund
Aim: Sigmund, wielding a +3 scythe of freezing and wearing a +0 robe (chance to affect: 86%)
You miscast Mephitic Cloud.
You are very lightly contaminated with residual magic.
Nothing appears to happen.
Sigmund hits you from afar with a +3 scythe of freezing.
Sigmund freezes you.
Sigmund points at you and mumbles some strange words.
You are confused.
Your magical contamination has completely faded away.
You aren't carrying any potions.
You bump into the rock wall.
You bump into the rock wall.
Sigmund hits you from afar with a +3 scythe of freezing!
Sigmund freezes you.
Okay, then.
You bump into the rock wall.
Sigmund hits you but does no damage. Sigmund closely misses you.
You feel less confused.
Sigmund hits you from afar with a +3 scythe of freezing!
* * * LOW HITPOINT WARNING * * *
Sigmund freezes you.
You die...

#..# ##.####.#
>.###..†....#
#.#.######## #.## #.#
####### #.# #.....##
#.# #.##...########.#
#.#.#......J@.@.#
#####.##.#.##########
......###<## #######
###


You could see Sigmund and a neutral jelly (wandering) (fellow slime).

Vanquished Creatures
  2 gnolls (D:2)
  2 adders (D:2)
  An adder skeleton (D:2)
  2 ball pythons (D:2)
  5 hobgoblins
  A jackal (D:1)
  A quokka (D:1)
  A bat (D:1)
  4 frilled lizards
  A goblin (D:1)
  A kobold (D:2)
  3 rats
24 creatures vanquished.

Vanquished Creatures (others)
  Jessica (D:2)
  A gnoll (D:2)
  An adder (D:2)
  2 endoplasms (D:2)
  A giant cockroach (D:2)
  5 jackals
  2 bats
  A frilled lizard (D:1)
14 creatures vanquished.

Grand Total: 38 creatures vanquished

Notes
Turn   | Place    | Note
-------+----------+-------------------------------------------
     0 | D:1      | Bnni the Djinni Venom Mage began the quest for the Orb.
     0 | D:1      | Reached XP level 1. HP: 15/15 MP: 0/0
   230 | D:1      | Found a faded altar of an unknown god.
   263 | D:1      | Found Weidy's Antique Armour Emporium.
   585 | D:1      | Became a worshipper of Jiyva Jiukuzex the Shapeless
   585 | D:1      | Reached * piety under Jiyva
   817 | D:1      | Reached XP level 2. HP: 17/21 MP: 0/0
  1047 | D:2      | Reached skill level 3 in Spellcasting
  1066 | D:2      | Reached XP level 3. HP: 15/25 MP: 0/0
  1066 | D:2      | Learned a level 1 spell: Shock
  1450 | D:2      | Reached XP level 4. HP: 20/31 MP: 0/0
  1554 | D:2      | Killed Jessica
  1854 | D:2      | Noticed Sigmund
  1872 | D:2      | Slain by Sigmund

Illustrated notes

Levels and vault maps discovered:
D:1:      dpeg_arrival_three_bigger_balls, layout_rooms,
          hellmonk_ecumenical_altar_blasted, serial_shops,
          nicolae_shop_temple_entry_statues_fountains
D:2:      layout_loops_ring, minmay_strange_pillars, uniq_crazy_yiuf_cottage,
          uniq_sigmund, uniq_jessica

Skill      XL: |  1  2 |
---------------+-------+-----
Spellcasting   | 3 |  3.5
Fighting       | |  0.9
Short Blades   | |  0.3
Dodging        | |  2.1
Stealth        | |  1.5

Action                   |  1- 3 |  4- 6 || total
-------------------------+-------+-------++-------
Melee: Dagger            |    54 |    14 ||    68
       Unarmed           |     1 |       ||     1
 Cast: Sting             |    15 |     5 ||    20
       Poisonous Vapours |     6 |       ||     6
       Shock             |     7 |       ||     7
Invok: Request Jelly     |     1 |     1 ||     2
 Stab: Sleeping          |     1 |       ||     1
Armor: Robe              |    12 |     3 ||    15
Dodge: Dodged            |    56 |    11 ||    67

Table legend: (Time is in decaauts)
 A = Elapsed time spent in this place.
 B = Non-inter-level travel time spent in this place.
 C = Inter-level travel time spent in this place.
 D = Time resting spent in this place.
 E = Time spent auto-exploring this place.
 F = Levels seen in this place.
 G = Mean time per level.
                   A        B        C        D        E       F      G
               +--------+--------+--------+--------+--------+-----+--------+
         Total |   1871 |   1834 |     37 |    791 |    728 |   2 |  935.5 |
       Dungeon |   1871 |   1834 |     37 |    791 |    728 |   2 |  935.5 |
               +--------+--------+--------+--------+--------+-----+--------+

Top non-repeatable levels by time:
     D:1: 1037 daAuts
     D:2: 833 daAuts
